 Dungeon Crawl Stone Soup version 0.21.1-1-g345015f (webtiles) character file.

58 Lilu the Conjurer (level 3, 0/19 HPs)
             Began as a Deep Elf Conjurer on July 29, 2018.
             Killed by nerve-wracking pain
             ... invoked by an orc priest
              (9 damage)
             ... on level 3 of the Dungeon.
             The game lasted 00:06:11 (1619 turns).

Lilu the Conjurer (Deep Elf Conjurer)               Turns: 1619, Time: 00:06:12

Health: 0/19       AC:  2    Str:  6    XL:     3   Next: 76%
Magic:  1/9        EV: 13    Int: 19    God:
Gold:   111        SH:  0    Dex: 15    Spells: 5/8 levels left

rFire    . . .     SeeInvis .   i - +0 club
rCold    . . .     Gourm    +   (no shield)
rNeg     . . .     Faith    .   a - +0 robe
rPois    .         Spirit   .   (no helmet)
rElec    .         Reflect  .   (no cloak)
rCorr    .         Harm     .   (no gloves)
MR       .....                  (no boots)
Stlth    ++........             l - amulet of the gourmand
HPRegen  0.06/turn              (no ring)
MPRegen  0.11/turn              (no ring)

@: no status effects
A: no striking features
a: no special abilities


You were on level 3 of the Dungeon.
You were full.

You visited 1 branch of the dungeon, and saw 3 of its levels.

You collected 111 gold pieces.

Inventory:

Hand Weapons
 i - a +0 club (weapon)
Missiles
 e - 5 tomahawks (quivered)
 n - 52 arrows
 o - 15 bolts
Armour
 a - a +0 robe (worn)
Jewellery
 h - an uncursed amulet of faith
 l - an amulet of the gourmand (around neck)
Scrolls
 j - 2 scrolls of enchant armour {unknown}
 k - 2 scrolls of remove curse {unknown}
 m - a scroll of teleportation {unknown}
 p - a scroll of blinking {unknown}
Potions
 d - a potion of flight {unknown}
 f - a potion of heal wounds {unknown}
 g - 2 potions of curing
Books
 b - a book of Conjurations

   Spells                             Type                      Level
   a - Magic Dart                     Conjuration                  1
   b - Searing Ray                    Conjuration                  2
   c - Dazzling Spray                 Conjuration/Hexes            3
   d - Fulminant Prism                Conjuration/Hexes            4
   e - Force Lance                    Conjuration/Translocation    4
   f - Iskenderun's Mystic Blast      Conjuration                  4
Comestibles
 c - 7 rations
 q - a chunk of flesh


   Skills:
 - Level 2.4 Dodging
 - Level 2.4 Stealth
 - Level 3.0 Spellcasting
 + Level 6.0 Conjurations


You had 5 spell levels left.
You knew the following spells:

 Your Spells              Type           Power        Failure   Level  Hunger
a - Magic Dart            Conj           ####         1%          1    None
b - Searing Ray           Conj           ####..       1%          2    ##.....


Dungeon Overview and Level Annotations

Branches:
Dungeon (3/15)

Altars:
Gozag
Kikubaaqudgha

Shops:
D:2 *


Message History

The searing ray misses the orc priest.
The searing ray misses the orc priest.
Casting: Searing Ray
Confirm with . or Enter, or press ? or * to list all spells.
Aiming: Searing Ray
Press: ? - help, Shift-Dir - straight line, f/p - orc priest
Aim: an orc priest, wielding a whip of flaming The searing ray hits the orc priest.
The orc priest is moderately wounded. (Press . to maintain the ray.)
The orc priest looks braver for a moment.
Without enough magic to sustain it, your searing ray dissipates.
The orc priest misses you.
You barely miss the orc priest.
The orc priest is moderately wounded.
The orc priest calls down the wrath of Beogh upon you.
Beogh smites you!
The orc priest calls down the wrath of Beogh upon you.
Pain shoots through your body!
You die...

#)# #.# #.# #.# #.####.##
#...†...# ######..# #..#
#.# #..# #.. #########o.#
# .......@...#
###########.#
[...........######
###...........#
#..########.# ## #..#
.#######.
#.####..########.....##..
................# #.#.#.
..####..#######.# #.....


You could see an orc priest.

Vanquished Creatures
  An adder (D:3)
  A worm (D:3)
  2 dart slugs
  A leopard gecko (D:1)
  2 orcs (D:3)
  A ball python (D:1)
  A bat (D:1)
  2 giant cockroaches
  3 goblins (D:1)
  9 hobgoblins
  2 jackals (D:3)
  3 kobolds
  7 rats
35 creatures vanquished.

Notes
Turn   | Place    | Note
-------+----------+-------------------------------------------
     0 | D:1      | Lilu the Deep Elf Conjurer began the quest for the Orb.
     0 | D:1      | Reached XP level 1. HP: 10/10 MP: 6/6
   147 | D:1      | Reached XP level 2. HP: 14/15 MP: 4/8
   224 | D:1      | Reached skill level 5 in Conjurations
   768 | D:2      | Reached XP level 3. HP: 19/19 MP: 7/9
   823 | D:2      | Found Gozag's Platinum Reserve.
   826 | D:2      | Found an opulent altar of Gozag.
  1093 | D:2      | Found an ancient bone altar of Kikubaaqudgha.
  1533 | D:3      | Learned a level 2 spell: Searing Ray
  1575 | D:3      | Reached skill level 6 in Conjurations
  1619 | D:3      | Killed from afar by an orc priest

Skill      XL: |  1  2  3 |
---------------+----------+-----
Conjurations   | 5 6 |  6.0
Dodging        | |  2.4
Stealth        | |  2.4
Spellcasting   | |  3.0

Action                   || total
-------------------------++-------
Melee: Club              ||     1
 Cast: Magic Dart        ||    71
       Searing Ray       ||     2
  Eat: Chunk             ||     8
Dodge: Dodged            ||     7
